AoeStats
← rafoBR

MegaRandom

509770761Analyzed
3v3 RM · 5d ago on Sep 28, 2026· 26m 38s· 6 players
Game mode
Random Map
Map size
Normal (6 player)
Population
200
Speed
Normal
Resources
Standard
Victory
Conquest
Starting age
Dark Age
Ending age
Imperial Age
RankedLock teamsTeams togetherTeam positionsShared explorationLock speedFull tech treeHidden civsTurbo modeCheats
Victory
Defeat
🇲🇽 Muisca · Mexico
1262
+15
🇺🇸 Poles · United States
1249
+16
🇺🇸 Danes · United States
1196
+18
🇨🇱 Lithuanians · Chile
1311
-19
🇧🇷 Tatars · Brazil
1237
-16
🇦🇷 Portuguese · Argentina
1183
-14
rafoBR
7:45 Loom
10:40 Feudal Age
12:16 Double-Bit Axe
16:11 Castle Age
15:02 Wheelbarrow
15:23 Horse Collar
16:23 Forging
16:04 Fletching
20:49 Hand Cart
thevipleb
4:26 Loom
9:36 Feudal Age
13:44 Castle Age
13:36 Scale Barding Armor
15:14 Horse Collar
20:12 Hill Forts
23:21 Fletching
Kaiser
2:59 Loom
11:07 Feudal Age
11:41 Double-Bit Axe
17:33 Castle Age
17:07 Horse Collar
17:24 Fletching
18:07 Crossbowman
18:45 Bodkin Arrow
20:26 Bow Saw
Nike man
2:00 Loom
9:40 Feudal Age
10:16 Double-Bit Axe
15:05 Forging
15:10 Bloodlines
15:29 Horse Collar
16:04 Scale Barding Armor
19:56 Castle Age
20:22 Light Cavalry
21:40 Husbandry
22:44 Iron Casting
23:58 Bow Saw
26:33 Wheelbarrow
27:15 Heavy Plow
Avila1997
0:43 Loom
10:27 Feudal Age
10:36 Champi Runner
15:27 Castle Age
13:53 Double-Bit Axe
14:32 Horse Collar
16:13 Forging
15:47 Champi Warrior
16:30 Scale Mail Armor
19:57 Iron Casting
21:25 Bow Saw
21:57 Chain Mail Armor
22:30 Squires
24:51 Wheelbarrow
24:02 Town Watch
25:57 Hand Cart
29:12 Imperial Age
27:13 Heavy Plow
27:05 Gold Mining
27:06 Stone Mining
EagleSpinner
1:50 Loom
10:17 Feudal Age
10:28 Man-at-Arms
10:56 Arson
13:19 Stone Mining
15:55 Castle Age
14:49 Scale Mail Armor
15:00 Forging
15:39 Fletching
17:20 Town Watch
20:07 Double-Bit Axe
20:05 Horse Collar
22:37 Squires
25:09 Bodkin Arrow
26:38 Gold Mining
Connection lost

Rejoining the realm…

Still unreachable

The connection could not be restored.

Session expired

The server has moved on; the page needs a fresh start.